 Dungeon Crawl Stone Soup version 0.17-a0-1887-g3e50df6 (webtiles) character file.

11792 Goblin1989 the Fighter (level 11, -8/73 HPs)
             Began as a Gargoyle Gladiator on Sept 23, 2015.
             Was an Elder of the Shining One.
             Hit by a large rock thrown by a cyclops (16 damage)
             ... on level 11 of the Dungeon.
             The game lasted 00:40:50 (11556 turns).

Goblin1989 the Fighter (Gargoyle Gladiator)        Turns: 11556, Time: 00:40:50

Health: -8/73      AC: 20    Str: 20    XL:     11   Next: 83%
Magic:  11/11      EV: 19    Int:  8    God:    the Shining One [****..]
Gold:   512        SH:  0    Dex: 16    Spells: 0 memorised, 10 levels left

rFire  . . .     SeeInvis .     a - +0 quarterstaff
rCold  . . .     Clarity  .     b - +0 steam dragon armour
rNeg   + + +     SustAt   .     (no shield)
rPois  ∞         Gourm    .     c - +1 helmet
rElec  +         Spirit   .     k - +1 cloak {+Inv}
rCorr  .         Warding  .     y - +0 pair of gloves
rMut   .         Stasis   .     (no boots)
MR     .....                    (no amulet)
Stlth  +.........               p - +3 ring of dexterity
                                h - +2 ring of protection

@: glowing, not resistant to hostile enchantments, very unstealthy
A: fangs 1, negative energy resistance 1, electricity resistance, unbreathing,
petrification resistance, rot immunity, AC +7
a: Divine Shield, Cleansing Flame, Renounce Religion, Evoke Invisibility


You were on level 11 of the Dungeon.
You worshipped the Shining One.
The Shining One was greatly pleased with you.
You were not hungry.

You visited 1 branch of the dungeon, and saw 12 of its levels.
You also visited: Sewer and Bailey.

You collected 512 gold pieces.

Inventory:

Hand weapons
 a - a +0 quarterstaff (weapon)
Missiles
 j - 9 tomahawks (quivered)
 C - 6 javelins
Armour
 b - a +0 steam dragon armour (worn)
 c - a +1 helmet (worn)
 k - a +1 cloak of invisibility (worn)
 s - a +2 cloak
 y - a +0 pair of gloves (worn)
 A - a +1 troll leather armour
Jewellery
 h - a +2 ring of protection (left hand)
 p - a +3 ring of dexterity (right hand)
 u - an uncursed amulet of rage
 v - an uncursed ring of see invisible
Magical devices
 m - a wand of teleportation (3)
 t - a wand of lightning (6)
 B - a wand of slowing (15)
 F - a wand of teleportation (0)
Scrolls
 i - 8 scrolls of remove curse
 l - a scroll of fear
 n - 2 scrolls of identify
 o - a scroll of blinking
 q - 4 scrolls of teleportation
 r - 4 scrolls of fog
 D - 2 scrolls of enchant weapon {unknown}
 I - a scroll of vulnerability {unknown}
 K - a scroll of brand weapon {unknown}
Potions
 f - 5 potions of curing
 g - 8 potions of flight
 x - a potion of might {unknown}
 E - 2 potions of ambrosia
 G - a potion of heal wounds {unknown}
 H - a potion of invisibility {unknown}
Comestibles
 e - 7 bread rations
 w - 10 beef jerkies
 z - 6 fruits
 L - 2 meat rations


   Skills:
 - Level 10.4 Fighting
 - Level 10.0 Staves
 - Level 6.3 Throwing
 - Level 2.1 Armour
 + Level 9.7 Dodging


You had 10 spell levels left.
You didn't know any spells.

Dungeon Overview and Level Annotations

Branches:
Dungeon (12/15)            Temple (0/1) D:6
   Lair: D:8-11         Orc: D:9-12

Altars:
Ashenzari
Dithmenos
Gozag
Makhleb
Nemelex Xobeh
Sif Muna
Trog
Vehumet
Yredelemnul
The Shining One


Innate Abilities, Weirdness & Mutations

You are resistant to torment.
Your stone body is resilient (AC +7).
You are immune to poison.
You resist negative energy.
You are resistant to electric shocks.
You can survive without breathing.
You are immune to petrification.
You are immune to rotting.
You have very sharp teeth.


Message History

You are too injured to fight recklessly!
You are too injured to fight recklessly!
You are too injured to fight recklessly!
Throwing (i - inventory. (,) - cycle):
d - a throwing net (quivered)
Press: ? - help, Shift-Dir - straight line, f - cyclops
Aim: a cyclops (severely wounded, haloed)
You throw a throwing net. The throwing net hits the cyclops.
The cyclops is too large for the net to hold!
The cyclops is severely wounded.
The cyclops throws a large rock.
The large rock hits you!
* * * LOW HITPOINT WARNING * * *
Fire/throw which item? (* to show all) (? for menu, Esc to quit)
Okay, then.
Throwing (i - inventory. (,) - cycle):
j - 10 tomahawks (quivered)
Press: ? - help, Shift-Dir - straight line, f/p - cyclops
Aim: a cyclops (severely wounded, haloed)
You throw a tomahawk. The tomahawk hits the cyclops!
The cyclops is almost dead.
The cyclops throws a large rock.
The large rock hits you!
You die...

#.# #..... ..# #.#
#^# ####.#######
##.## #.#
#.......###...######
#.#
#.................
###.#
#.#######...######
....# #.# ##.##
##### #.# #.# #.#
#.# #@# #.# #†# #.#
#..C...# #.#
#..........# #.#
#.............#.#
#......!.P....
#P.P..........) ##
#.....##+#..... <#
#....P .....


You could see a cyclops.

Vanquished Creatures
  Erolcha (D:9)
  Erica (D:9)
  The ghost of Pikaro the Cleaver, an experienced DrVM of Okawaru (D:10)
  An unseen horror (D:10)
  Psyche (D:9)
  Pikel (D:9)
  2 hill giants
  The ghost of trelanon the Grappler, an experienced VSMo of Cheibriados (D:8)
  An ugly thing (D:11)
  Joseph (D:8)
  A kobold demonologist (D:11)
  3 two-headed ogres
  A troll (D:9)
  The ghost of Ajdolov the Unweaver, an average FoAK of Lugonu (D:4)
  3 wyverns
  A hungry ghost (D:11)
  A hippogriff (D:8)
  Edmund (D:4)
  4 orc warriors
  2 ice beasts
  A slave (D:9)
  A black bear (D:9)
  A phantom (D:9)
  4 centaurs
  A sky beast (D:10)
  3 crocodiles (D:11)
  2 wasps
  2 big kobolds
  3 ogres
  A wyvern zombie (D:10)
  5 giant frogs
  A scorpion (D:6)
  5 wights (D:8)
  6 killer bees (D:11)
  3 crimson imps
  A hound (D:9)
  6 orc priests
  A lava snake (D:7)
  A giant frog skeleton (D:9)
  Ijyb (D:3)
  6 jellies
  8 orc wizards
  6 worker ants
  Jessica (D:2)
  An iguana (D:7)
  A killer bee zombie (D:10)
  A hound skeleton (D:5)
  2 river rats (D:11)
  12 adders
  3 gnolls (D:7)
  2 shadow imps
  2 oozes
  2 adder zombies
  A worm (D:4)
  An adder skeleton (D:4)
  8 giant geckos
  53 orcs
  8 giant cockroaches
  8 hobgoblins
  19 jackals
  2 ball pythons
  23 bats
  12 giant newts
  10 goblins
  20 kobolds
  5 quokkas
  15 rats
310 creatures vanquished.

Vanquished Creatures (others)
  2 slaves (D:9)
  18 fungi (D:11)
  10 plants (D:11)
30 creatures vanquished.

Grand Total: 340 creatures vanquished

Notes
Turn   | Place    | Note
--------------------------------------------------------------
     0 | D:1      | Goblin1989 the Gargoyle Gladiator began the quest for the Orb.
     0 | D:1      | Reached XP level 1. HP: 12/12 MP: 1/1
    49 | D:1      | Reached XP level 2. HP: 15/17 MP: 2/2
   360 | D:1      | Reached skill level 4 in Staves
   377 | D:1      | Reached XP level 3. HP: 19/21 MP: 3/3
   679 | D:2      | Noticed Jessica
   689 | D:2      | Killed Jessica
   906 | D:2      | Reached XP level 4. HP: 7/26 MP: 4/4
  1297 | D:2      | Reached skill level 5 in Staves
  1306 | D:2      | Found a faded altar to an unknown god.
  1330 | D:2      | Became a worshipper of the Shining One
  1330 | D:2      | Acquired the Shining One's first power
  1431 | D:2      | Found a basalt altar of Yredelemnul.
  1440 | D:2      | Found a glowing golden altar of the Shining One.
  1443 | D:2      | Noticed an angel
  1804 | D:3      | Found a shadowy altar of Dithmenos.
  1969 | D:3      | Reached XP level 5. HP: 30/30 MP: 5/5
  2289 | D:3      | Noticed Ijyb
  2300 | D:3      | Killed Ijyb
  2300 | D:3      | Reached skill level 6 in Staves
  2584 | D:4      | Noticed Ajdolov's ghost (average FoAK)
  2604 | D:4      | Killed Ajdolov's ghost
  2604 | D:4      | Reached skill level 7 in Staves
  2604 | D:4      | Reached XP level 6. HP: 8/35 MP: 6/6
  3001 | D:4      | Reached XP level 7. HP: 25/40 MP: 7/7
  3219 | D:4      | Noticed a wyvern
  3229 | D:4      | HP: 1/40 [wyvern (13)]
  3237 | D:4      | Killed a wyvern
  3237 | D:4      | Reached skill level 8 in Staves
  3467 | D:4      | Noticed Edmund
  3483 | D:4      | Killed Edmund
  3540 | D:4      | Reached skill level 9 in Staves
  3987 | D:5      | Entered Level 5 of the Dungeon
  4033 | D:5      | Reached XP level 8. HP: 27/44 MP: 8/8
  4044 | D:5      | Acquired the Shining One's second power
  4377 | D:5      | Reached skill level 10 in Staves
  4397 | D:5      | Found a glowing drain.
  4406 | Sewer    | Entered a sewer
  5244 | D:5      | Found a shattered altar of Ashenzari.
  5855 | D:6      | Reached skill level 5 in Fighting
  6036 | D:6      | Found a staircase to the Ecumenical Temple.
  6223 | D:6      | Reached XP level 9. HP: 51/56 MP: 9/9
  6657 | D:7      | Found a burning altar of Makhleb.
  6657 | D:7      | Found a deep blue altar of Sif Muna.
  6658 | D:7      | Found a sparkling altar of Nemelex Xobeh.
  7051 | D:8      | Noticed a hill giant
  7055 | D:8      | Noticed trelanon's ghost (experienced VSMo)
  7067 | D:8      | Killed a hill giant
  7081 | D:8      | Killed trelanon's ghost
  7081 | D:8      | Reached skill level 10 in Fighting
  7309 | D:8      | Noticed Joseph
  7319 | D:8      | Killed Joseph
  7319 | D:8      | Reached XP level 10. HP: 48/68 MP: 10/10
  7599 | D:8      | Found a radiant altar of Vehumet.
  7734 | D:8      | Reached skill level 5 in Dodging
  8079 | D:8      | Found a bloodstained altar of Trog.
  8276 | D:9      | Noticed Erolcha
  8282 | D:9      | Paralysed by Erolcha for 4 turns
  8300 | D:9      | Killed Erolcha
  8525 | D:9      | Gained mutation: You have very sharp teeth. [potion of beneficial mutation]
  8573 | D:9      | Noticed Pikel
  8573 | D:9      | Noticed Psyche
  8831 | D:9      | Found an opulent altar of Gozag.
  8895 | D:9      | Noticed Erica
  8913 | D:9      | Killed Erica
  8913 | D:9      | Reached XP level 11. HP: 67/73 MP: 11/11
  9268 | D:9      | Killed Pikel
  9275 | D:9      | Killed Psyche
  9275 | D:9      | Reached skill level 5 in Throwing
  9432 | D:10     | Entered Level 10 of the Dungeon
  9515 | D:10     | Found a flagged portal.
  9534 | Bailey   | Entered a bailey
  9785 | Bailey   | Noticed an orc knight
 10011 | D:10     | Noticed a hill giant
 10019 | D:10     | Killed a hill giant
 10072 | D:10     | Noticed Pikaro's ghost (experienced DrVM)
 10072 | D:10     | Acquired the Shining One's third power
 10111 | D:10     | Killed Pikaro's ghost
 10230 | D:10     | Noticed an unseen horror
 10253 | D:10     | Killed an unseen horror
 11556 | D:11     | Hit by a large rock thrown by a cyclops

Vault maps used:
D:1:      lightli_arrival_farm
D:2:      grunt_temple_overflow_holy_war, ecumenical_altar_2, uniq_jessica
D:3:      grunt_dithmenos_smoke_and_mirrors, uniq_iyjb
D:4:      minmay_bad_closet, uniq_edmund
D:5:      first_bread, portal_sewer_entry_f, basic_altar
D:6:      temple_hall, corexii_leaking_fountain
D:7:      minitemple, hangedman_decor_peaks_small, grunt_ogre_cave,
          kennysheep_crisscross
D:8:      kennysheep_mini_moat, basic_altar, uniq_joseph
D:9:      nicolae_gozag_cash_rules_everything_around_me, uniq_erolcha,
          uniq_erica, uniq_pikel, uniq_psyche
D:10:     enter_bailey_3, kennysheep_small_circle
D:11:     grunt_lair_entry_elf_guard_hut
D:12:     erik_orc_1, hangedman_decor_growths, uniq_kirke
Sewer:    sewer_fruit_machine
Bailey:   bailey_polearm_1, bailey

Action                   |  1- 3 |  4- 6 |  7- 9 | 10-12 || total
-------------------------+-------+-------+-------+-------++-------
Melee: Quarterstaff      |   107 |   126 |   347 |   588 ||  1168
Throw: Throwing net      |     1 |       |     1 |     3 ||     5
       Javelin           |       |       |    14 |    10 ||    24
       Tomahawk          |       |       |       |     1 ||     1
Invok: Divine Shield     |       |       |       |     1 ||     1
Evoke: Wand              |       |       |       |     2 ||     2
  Use: Scroll            |     3 |     6 |     8 |     8 ||    25
       Potion            |       |       |     3 |     6 ||     9
  Eat: Chunk             |       |     2 |     4 |     6 ||    12
       Meat ration       |       |     1 |       |       ||     1
       Bread ration      |       |       |     2 |     2 ||     4
       Fruit             |       |       |     1 |     1 ||     2
       Royal jelly       |       |       |       |     1 ||     1
